AoeStats
← Hypno

Nomad

507390739Analyzed
4v4 RM · 15d ago on Sep 18, 2026· 22m 10s· 8 players
Game mode
Random Map
Map size
231×231
Population
200
Speed
Normal
Resources
Standard
Victory
Conquest
Starting age
Dark Age
Ending age
Imperial Age
RankedLock teamsTeams togetherTeam positionsShared explorationLock speedFull tech treeHidden civsTurbo modeCheats
Victory
Defeat
🇧🇷 Portuguese · Brazil
1593
+12
🇧🇷 Maya · Brazil
1575
+13
🇲🇽 Cumans · Mexico
1512
+15
🇧🇷 Saracens · Brazil
1401
+21
🇵🇪 Romans · Peru
1596
-19
🇲🇽 Franks · Mexico
1586
-19
🇲🇽 Sicilians · Mexico
1419
-12
🇲🇽 Mapuche · Mexico
1386
-11
Hypno
5:38 Loom
12:55 Feudal Age
21:13 Castle Age
HD_JAGUAR
4:57 Loom
14:14 Feudal Age
20:36 Castle Age
18:43 Double-Bit Axe
22:21 Bow Saw
The_ Rock
4:06 Loom
13:33 Feudal Age
15:46 Fishing Lines
16:56 Double-Bit Axe
23:10 Castle Age
JAKU
4:47 Loom
13:54 Feudal Age
17:48 Castle Age
16:01 Double-Bit Axe
17:07 Gold Mining
18:46 Bow Saw
GAX | B.Trufa
5:33 Loom
13:43 Feudal Age
14:11 Double-Bit Axe
Marvin Saturnino
9:32 Loom
13:01 Feudal Age
13:54 Town Watch
17:08 Castle Age
15:54 Double-Bit Axe
17:00 Fletching
18:17 Bodkin Arrow
GAX | Kareca
4:36 Loom
12:22 Feudal Age
13:14 Double-Bit Axe
13:35 Town Watch
20:07 Fishing Lines
22:47 Castle Age
GAX | ERV
9:44 Loom
12:53 Feudal Age
20:26 Horse Collar
20:58 Double-Bit Axe
Connection lost

Rejoining the realm…

Still unreachable

The connection could not be restored.

Session expired

The server has moved on; the page needs a fresh start.